Cogmind - Beta 13 @@@ ROGUE MODE // 2024.05.12 @ 14:43:46 Player: mewcatx Result: Self-destructed Performance ------------- Evolutions (6) 3000 Regions Visited (15) 3000 Robots Destroyed (145) 725 Value Destroyed (4112) 4112 Prototype IDs (34) 680 Alien Tech Used (0) 0 Bonus (402) 402 TOTAL SCORE: 11919 Bonus ------- High Alert Combat Kills 67 Follower Combat Kills 35 Aligned with FarCom 300 Cogmind --------- Core Integrity 1044/1150 Matter 40/300 Energy 170/170 System Corruption 5% Temperature Hot (279) Movement Walking (140) Location -4/Factory Parts ------- > --- POWER (1) -------- Light Antimatter Reactor > --- PROPULSION (6) --- Medium Armored Exoskeleton Medium Armored Exoskeleton > --- UTILITY (7) ------ Advanced Signal Interpreter Advanced Signal Interpreter Recoil Nullifier Advanced Thermal Shield Hacking Suite > --- WEAPON (5) ------- Advanced Plasma Cannon Railgun Heavy Gauss Cannon > --- INVENTORY (5) ---- Micro Fission Core Medium Armored Exoskeleton Small Matter Pod (0) Peak State ------------ > --- POWER ------------ Light Antimatter Reactor > --- PROPULSION ------- Medium Armored Exoskeleton Medium Armored Exoskeleton > --- UTILITY ---------- Advanced Signal Interpreter Recoil Nullifier Recoil Nullifier Improved Weapon Shielding Improved Light Armor Plating Improved Thermal Shield Advanced Thermal Shield > --- WEAPON ----------- High-powered Shock Rifle Advanced Plasma Cannon Railgun Heavy Gauss Cannon > --- INVENTORY -------- Micro Fission Core Medium Armored Exoskeleton Small Matter Pod [Rating: 106] Favorites ----------- Power Light Nuclear Core Engine Improved Ion Engine Power Core Light Nuclear Core Reactor Light Antimatter Reactor Propulsion Light Treads Treads Light Treads Leg Medium Armored Exoskeleton Hover Unit Improved Hover Unit Flight Unit Improved VTOL Module Utility Hacking Suite Device Structural Scanner Storage High-capacity Storage Unit Processor Advanced Signal Interpreter Hackware Hacking Suite Protection Hardened Light Armor Plating Weapon High-powered Shotgun Energy Gun Small Laser Energy Cannon Advanced Plasma Cannon Ballistic Gun High-powered Shotgun Ballistic Cannon Light Cannon Launcher Rocket Launcher Slashing Weapon Katana Build | -11 -10 -10 -9 -9 -9 -8 -8 -7 -6 -6 -6 -6 -6 -5 -4 ------- Run | Yrd Mat Min Mat Min Exi Min Mat Fac Fac Was Fac Low Low Fac Fac Slots Evolved 12 | . . . 2 . . . 2 2 2 . . . . 2 2 Power . | . . . . . . . . . . . . . . . . Propulsion 4 | . . . 1 . . . 1 1 . . . . . 1 . Utility 5 | . . . 1 . . . 1 1 1 . . . . 1 . Weapon 3 | . . . . . . . . . 1 . . . . . 2 Parts Attached 225 | 6 11 3 41 3 2 10 55 21 5 1 15 8 6 19 19 Power 16 | 1 1 . 4 1 . 1 1 2 . . . . . 3 2 Engine 8 | 1 1 . . . . . 1 2 . . . . . 3 . Core 6 | . . . 4 1 . 1 . . . . . . . . . Reactor 2 | . . . . . . . . . . . . . . . 2 Propulsion 38 | 2 . . 8 1 . 1 8 5 2 . 1 3 . 4 3 Treads 20 | 2 . . 8 1 . 1 7 . . . . . . . 1 Leg 2 | . . . . . . . . . . . . . . . 2 Wheel . | . . . . . . . . . . . . . . . . Hover 15 | . . . . . . . . 5 2 . 1 3 . 4 . Flight 1 | . . . . . . . 1 . . . . . . . . Utility 67 | 1 5 1 5 1 . 1 19 8 1 1 9 . 1 5 9 Device 27 | . 3 1 1 . . . 9 3 . 1 4 . . 1 4 Storage 5 | 1 1 . 1 . . . . 1 . . 1 . . . . Processor 9 | . . . . . . . 2 1 . . 2 . . 2 2 Hackware 6 | . . . 1 . . . 2 1 . . 1 . . . 1 Protection 20 | . 1 . 2 1 . 1 6 2 1 . 1 . 1 2 2 Artifact . | . . . . . . . . . . . . . . . . Weapon 104 | 2 5 2 24 . 2 7 27 6 2 . 5 5 5 7 5 Energy Gun 12 | 1 3 . 4 . . . . . . . 2 . . 1 1 Energy Cannon 8 | . . . . . . 2 3 . . . . 1 1 . 1 Ballistic Gun 38 | 1 . . 12 . 2 4 10 3 . . 3 . . 1 2 Ballistic Cannon 26 | . 2 2 6 . . . 5 1 1 . . 2 2 4 1 Launcher 3 | . . . 2 . . . 1 . . . . . . . . Special Weapon . | . . . . . . . . . . . . . . . . Impact Weapon . | . . . . . . . . . . . . . . . . Slashing Weapon 17 | . . . . . . 1 8 2 1 . . 2 2 1 . Piercing Weapon . | . . . . . . . . . . . . . . . . Special Melee Weapon . | . . . . . . . . . . . . . . . . Unidentified Prototypes 8 | . . . 3 . . . 2 2 . . 1 . . . . Parts Lost 39 | . 3 . 3 2 . 1 1 . . . . 2 6 17 4 Power 4 | . 1 . 1 . . . . . . . . . . 2 . Propulsion 12 | . . . 2 1 . 1 . . . . . 2 3 3 . Utility 14 | . 1 . . 1 . . 1 . . . . . 1 7 3 Weapon 9 | . 1 . . . . . . . . . . . 2 5 1 Highest Loss Streak 11 | . 3 . 1 2 . 1 1 . . . . 1 6 11 3 To Critical Strikes . | . . . . . . . . . . . . . . . . Average Slot Usage (%) 93 | . 99 100 98 98 78 98 99 98 92 93 99 95 77 65 55 Engine 5 | . 13 14 2 . . . 7 7 6 6 6 6 6 4 . Core 3 | . . . 8 11 11 11 1 . . . . . . . . Treads 23 | . 28 28 31 32 33 32 35 . . . . . . . . Hover 6 | . . . . . . . . 38 33 33 33 32 22 14 . Device 6 | . 11 14 1 . . . 13 5 6 6 4 . . 1 10 Storage 9 | . 14 14 11 11 11 11 9 7 6 6 6 6 6 5 . Processor 1 | . . . . . . . 1 . . . . 6 2 6 6 Hackware 8 | . . . 10 7 . . 5 19 20 20 25 26 26 15 1 Protection 7 | . 2 . 9 13 22 22 6 3 6 6 1 . . . 6 Energy Gun 4 | . 22 6 . . . . . . . . 2 2 . . 3 Ballistic Gun 8 | . 3 . 13 22 1 18 9 6 . . 10 . . 3 4 Ballistic Cannon 3 | . 2 21 7 . . . 3 . 5 6 . 8 6 3 3 Slashing Weapon 2 | . . . . . . 1 4 6 5 6 6 . 3 4 . Naked Turns 100 | . . . . . . . . . . . . . . 7 93 Heaviest Build 74 | 11 32 32 56 57 57 69 74 66 32 32 39 44 40 64 56 Greatest Support 100 | 40 40 40 60 60 60 60 82 35 35 35 36 45 37 32 100 Greatest Overweight (x) 3 | . . . 1 1 . 1 . 1 1 . 1 1 2 3 1 Average Overweight (x) . | . . . . . . . . . . . . . . . . Largest Inventory Capacity 20 | 8 15 15 20 20 20 20 20 20 8 8 10 10 10 10 5 Average Capacity 15 | 7 14 15 17 20 20 20 20 8 8 8 9 10 10 9 5 Most Carried 20 | 4 15 15 20 20 20 20 20 20 8 8 10 10 10 8 5 Average Carried 14 | 1 11 15 17 19 19 19 19 8 7 8 9 8 7 5 4 Final Capacity 20 | 8 15 15 20 20 20 20 20 8 8 8 10 10 10 5 5 Final Carried 20 | 4 15 15 20 20 20 20 20 7 8 8 10 8 6 . 5 Class Distribution -------------------- 56% | Scavenger-Mutant 20% | Mutant 16% | Hacker-Mutant 3% | Tank Dominant Class ---------------- Mutant | -10/Materials Mutant | -10/Mines Scavenger-Mutant | -9/Materials Scavenger-Mutant | -9/Mines Scavenger-Mutant | -9/Exiles Scavenger-Mutant | -8/Mines Scavenger-Mutant | -8/Materials Hacker-Mutant | -7/Factory Hacker-Mutant | -6/Factory Hacker-Mutant | -6/Waste Hacker-Mutant | -6/Factory Hacker-Gunner | -6/Lower Caves Hacker-Mutant | -6/Lower Caves Hacker-Mutant | -5/Factory Tank | -4/Factory Resources | -11 -10 -10 -9 -9 -9 -8 -8 -7 -6 -6 -6 -6 -6 -5 -4 ----------- Run | Yrd Mat Min Mat Min Exi Min Mat Fac Fac Was Fac Low Low Fac Fac Matter Collected 4273 | 146 309 30 921 305 15 221 1046 207 105 . 86 151 34 325 372 Remotely . | . . . . . . . . . . . . . . . . Salvage Created 4342 | 6 628 101 1047 131 . 314 1237 . 15 . 86 220 41 160 356 Parts 250 | 1 35 4 73 12 . 20 72 . 2 . 3 4 1 6 17 Haulers Intercepted 4 | . 1 . 2 . . . . . . . . . . . 1 Recyclers Shooed 4 | . . . 2 . . . 1 . . . 1 . . . . Parts Field Recycled . | . . . . . . . . . . . . . . . . Retrieved Matter . | . . . . . . . . . . . . . . . . Parts Self-Destructed 5 | . . . . . . . . . . . . 4 1 . . Prevented . | . . . . . . . . . . . . . . . . Kills | -11 -10 -10 -9 -9 -9 -8 -8 -7 -6 -6 -6 -6 -6 -5 -4 ------- Run | Yrd Mat Min Mat Min Exi Min Mat Fac Fac Was Fac Low Low Fac Fac Combat Hostiles Destroyed 114 | . 9 2 29 15 . 9 32 . . . 1 4 3 6 4 Melee 1 | . 1 . . . . . . . . . . . . . . Guns 57 | . 7 2 9 15 . 3 15 . . . 1 . . 4 1 Cannons 32 | . 1 . 10 . . 1 11 . . . . 3 1 2 3 AOE 19 | . . . 10 . . 4 3 . . . . 1 1 . . Classes Destroyed 16 | 1 7 . 2 2 . 1 1 . . . 1 . . 1 . Worker 8 | . 2 . 3 . . 1 1 . . . 1 . . . . Builder 4 | . 1 . . . . 1 2 . . . . . . . . Tunneler 1 | 1 . . . . . . . . . . . . . . . Hauler 4 | . 1 . 2 . . . . . . . . . . . 1 Recycler 5 | . 1 . 2 . . . 2 . . . . . . . . Operator 9 | . 1 . 3 . . . 2 . 1 . 1 . . . 1 Watcher 8 | . 3 . 1 . . . 3 . . . . . . . 1 Swarmer 39 | . . . 12 6 . 3 11 . . . . . 3 4 . Grunt 38 | . 9 2 7 . . 4 12 . . . . 3 . 1 . Brawler 4 | . . . . . . 2 1 . . . . 1 . . . Sentry 17 | . . . 10 . . . 7 . . . . . . . . Demolisher 1 | . . . . 1 . . . . . . . . . . . Hunter 1 | . . . . . . . 1 . . . . . . . . Programmer 5 | . . . . . . . . . . . 1 . . . 4 Behemoth 1 | . . . . . . . . . . . . . . 1 . Assembled 8 | . . . . 8 . . . . . . . . . . . Best Kill Streak 9 | 1 3 2 9 4 . 5 6 . 1 . 1 4 3 4 2 Combat Bots Only 7 | . 2 2 7 4 . 4 6 . . . 1 4 3 4 2 Max Kills in Single Turn 4 | 1 1 1 4 2 . 2 4 . 1 . 1 2 2 1 1 Gunslinging 1 | . . . . 1 . . 1 . . . . . . . . Exploded 3 | . . . 3 . . 1 1 . . . . 1 1 . . Melee 1 | . 1 . . . . . . . . . . . . . . Uniques/NPCs Destroyed . | . . . . . . . . . . . . . . . . Combat | -11 -10 -10 -9 -9 -9 -8 -8 -7 -6 -6 -6 -6 -6 -5 -4 -------- Run | Yrd Mat Min Mat Min Exi Min Mat Fac Fac Was Fac Low Low Fac Fac Hostile Shots Fired 634 | . 68 9 87 46 . 23 102 6 . . 9 30 13 138 103 Missed 183 | . 13 3 21 14 . 6 34 3 . . 4 18 5 38 24 Damage Taken 7925 | . 699 84 910 548 . 242 894 16 . . 75 157 170 2639 1491 Core 1451 | . 169 35 70 29 . 44 72 5 . . . 5 16 900 106 Absorbed by Shields . | . . . . . . . . . . . . . . . . Redirected to Shielding 111 | . 51 . . . . 8 . . . . . . . . 52 Ignored by Resistances 267 | . . . . . . . . . . . . . . 222 45 Regen/Repaired (Parts) 152 | . 1 . 32 . . . 103 . 16 . . . . . . Core Remaining (%) 60 | 100 . 18 . . . 64 86 99 . . . . 48 10 . Volleys Fired 324 | . 55 4 72 29 . 17 64 1 1 . 12 5 7 22 35 Largest 4 | . 2 2 2 2 . 2 2 1 1 . 2 3 2 3 4 Hottest 254 | . 80 80 96 50 . 100 100 28 48 . 108 176 100 124 254 Shots Fired 627 | . 109 8 138 58 . 29 122 1 1 . 23 10 9 37 82 Gun 420 | . 97 8 65 58 . 23 74 1 . . 23 1 . 21 49 Cannon 203 | . 12 . 69 . . 6 48 . 1 . . 9 9 16 33 Launcher 4 | . . . 4 . . . . . . . . . . . . Special . | . . . . . . . . . . . . . . . . Kinetic 469 | . 35 . 129 58 . 23 117 1 1 . 22 5 6 29 43 Thermal 139 | . 74 8 5 . . 6 5 . . . 1 5 3 8 24 Explosive 4 | . . . 4 . . . . . . . . . . . . Electromagnetic 15 | . . . . . . . . . . . . . . . 15 Robot Hit Streak 24 | . 8 9 23 5 . 9 15 . . . 10 3 5 24 10 Robot Miss Streak 6 | . 3 . 4 6 . 4 4 . . . 3 5 . 4 5 Penetration Max . | . . . . . . . . . . . . . . . . Secondary Targets 8 | . 1 . . 4 . 1 2 . . . . . . . . Max Gunslinging Chain 1 | . 1 . . 1 . 1 1 . . . . . . . . Shots Hit Robots 427 | . 71 8 94 37 . 18 92 . 1 . 21 4 2 31 48 Core Hits 211 | . 32 5 49 24 . 12 47 . 1 . 4 3 2 16 16 Critical Kills 6 | . . . . . . 1 4 . . . . . 1 . . Critical Parts Destroyed 1 | . . . . 1 . . . . . . . . . . . Critical Strikes 15 | . . . 4 1 . 1 5 . . . 1 . 1 1 1 Burn 1 | . . . 1 . . . . . . . . . . . . Meltdown 5 | . . . . . . 1 3 . . . . . 1 . . Destroy 2 | . . . . 1 . . 1 . . . . . . . . Blast 6 | . . . 3 . . . 1 . . . . . . 1 1 Sever 1 | . . . . . . . . . . . 1 . . . . Melee Attacks 137 | . . . . . . 2 53 29 6 . 33 1 . 13 . Impact . | . . . . . . . . . . . . . . . . Slashing 137 | . . . . . . 2 53 29 6 . 33 1 . 13 . Piercing . | . . . . . . . . . . . . . . . . Sneak Attacks 7 | . . . . . . . 5 . . . 2 . . . . Combat Hostiles . | . . . . . . . . . . . . . . . . Follow-up Attacks . | . . . . . . . . . . . . . . . . Damage Inflicted 12266 | . 939 90 2483 647 . 929 3192 . 55 . 591 749 283 832 1476 Guns 5235 | . 797 90 882 647 . 280 977 . . . 403 . . 427 732 Cannons 3737 | . 110 . 872 . . 250 1064 . . . . 358 104 291 688 Explosions 2424 | . . . 716 . . 394 730 . . . . 349 179 . 56 Melee 812 | . . . . . . . 421 . 55 . 188 42 . 106 . Ramming 58 | . 32 . 13 . . 5 . . . . . . . 8 . Kinetic 6218 | . 327 . 1681 647 . 280 1610 . . . 380 . 23 467 803 Thermal 4298 | . 580 90 73 . . 644 1161 . . . 23 707 260 251 509 Explosive 716 | . . . 716 . . . . . . . . . . . . Electromagnetic 164 | . . . . . . . . . . . . . . . 164 Impact . | . . . . . . . . . . . . . . . . Slashing 812 | . . . . . . . 421 . 55 . 188 42 . 106 . Piercing . | . . . . . . . . . . . . . . . . Highest Corruption 9 | . . . 1 3 3 3 2 . . 5 3 2 2 9 5 Average Corruption 2 | . . . 1 1 3 3 2 . . 4 2 2 2 9 2 Corruption Purged 5 | . . . . . . . . . . 1 4 . . . . Corruption Blocked . | . . . . . . . . . . . . . . . . Effects 115 | . . . 11 8 11 14 26 . . . 6 11 5 8 15 Message Errors 29 | . . . 4 1 4 2 6 . . . 2 5 . 3 2 Matter Fused 33 | . . . 3 2 1 5 8 . . . . 1 2 3 8 Heat Flow Errors 14 | . . . 2 1 2 2 1 . . . . 3 1 1 1 Energy Discharges 13 | . . . . 1 2 1 2 . . . 2 1 2 . 2 Parts Fused 1 | . . . . 1 . . . . . . . . . . . Data Loss (minor) 11 | . . . 1 2 1 1 5 . . . 1 . . . . Data Loss (major) 7 | . . . . . 1 2 2 . . . . 1 . . 1 Misfires 3 | . . . . . . 1 1 . . . . . . . 1 Weapon Failures 4 | . . . 1 . . . 1 . . . 1 . . 1 . Overload Shots . | . . . . . . . . . . . . . . . . Overflow Damage 899 | . . . 108 . . 139 426 . . . 33 138 52 . 3 Projectiles 429 | . . . 7 . . 128 151 . . . . 109 31 . 3 Explosions 256 | . . . 101 . . 11 112 . . . . 11 21 . . Melee 214 | . . . . . . . 163 . . . 33 18 . . . Knockbacks 12 | . 5 . 2 . . . 5 . . . . . . . . Impact 2 | . 2 . . . . . . . . . . . . . . Kinetic 10 | . 3 . 2 . . . 5 . . . . . . . . Secondary . | . . . . . . . . . . . . . . . . Self-Inflicted Damage 167 | . . . 83 . . . . . . . . . 57 4 23 Shots 3 | . . . 1 . . . . . . . . . 1 . 1 Rammed 12 | . 7 . 2 . . 1 . . . . . . . 2 . Targets Rammed 15 | 1 9 . 2 . . 1 . . . . . . . 2 . Kicked . | . . . . . . . . . . . . . . . . Crushed 3 | 1 2 . . . . . . . . . . . . . . Highest Temperature 472 | . 132 8 126 216 239 215 145 1 8 . 33 249 221 262 472 Average Temperature 75 | . 37 4 25 71 114 64 33 1 6 . 17 63 52 91 171 Received Heat Transfer 1716 | . 411 45 270 60 . 90 279 . . . . 54 . 483 24 Effects 10 | . . . . . . . . . . . . . . . 10 Shutdowns 2 | . . . . . . . . . . . . . . . 2 Energy Bleed 2 | . . . . . . . . . . . . . . . 2 Interference 3 | . . . . . . . . . . . . . . . 3 Matter Decay 1 | . . . . . . . . . . . . . . . 1 Short Circuit 1 | . . . . . . . . . . . . . . . 1 Damage (minor) 1 | . . . . . . . . . . . . . . . 1 Siege Activations . | . . . . . . . . . . . . . . . . Robots Corrupted . | . . . . . . . . . . . . . . . . Combat Hostiles . | . . . . . . . . . . . . . . . . Parts Fried 1 | . . . . . . . . . . . . . . . 1 Impact Corruptions . | . . . . . . . . . . . . . . . . Robots Melted 5 | . . . . . . 1 3 . . . . . 1 . . Combat Hostiles 5 | . . . . . . 1 3 . . . . . 1 . . Parts Melted 12 | . . . 2 . . . 3 . . . . . 2 2 3 Heat Transferred 5705 | . 1300 200 235 . . 560 1120 . . . 50 720 320 550 650 Parts Sabotaged . | . . . . . . . . . . . . . . . . Parts Stolen . | . . . . . . . . . . . . . . . . Parts Stripped . | . . . . . . . . . . . . . . . . Power Chain Reactions 1 | . . . . . . . . . . . . . . . 1 Alert | -11 -10 -10 -9 -9 -9 -8 -8 -7 -6 -6 -6 -6 -6 -5 -4 ------- Run | Yrd Mat Min Mat Min Exi Min Mat Fac Fac Was Fac Low Low Fac Fac Peak Influence 585 | 5 150 50 585 171 . 139 339 434 181 78 165 . . 269 119 Initial 154 | . 3 . 19 136 . . 50 154 99 63 40 . . 33 14 Average 121 | 4 25 43 298 29 . 30 130 257 132 65 51 . . 74 49 Maximum Alert Level 2 | . . . 2 . . . 1 2 . . . . . 1 . Low Security (%) 76 | 100 100 100 24 100 . 100 76 35 100 100 100 . . 88 100 Level 1 17 | . . . 44 . . . 23 55 . . . . . 11 . Level 2 5 | . . . 30 . . . . 9 . . . . . . . Level 3 . | . . . . . . . . . . . . . . . . Level 4 . | . . . . . . . . . . . . . . . . Level 5 . | . . . . . . . . . . . . . . . . High Security . | . . . . . . . . . . . . . . . . Max Security . | . . . . . . . . . . . . . . . . Squads Dispatched 27 | . 3 . 3 . . . 3 3 1 . 5 . . 5 4 Investigation 13 | . 2 . . . . . 1 3 1 . 4 . . 2 . Extermination 2 | . . . . . . . . . . . . . . . 2 Reinforcement 12 | . 1 . 3 . . . 2 . . . 1 . . 3 2 Assault . | . . . . . . . . . . . . . . . . Garrison . | . . . . . . . . . . . . . . . . Intercept . | . . . . . . . . . . . . . . . . Searches Triggered . | . . . . . . . . . . . . . . . . Construction Impeded 1 | . . . . . . . . . . . . . . . 1 Haulers Reinforced . | . . . . . . . . . . . . . . . . Active Scanning Responses . | . . . . . . . . . . . . . . . . Cargo Convoy Interrupts . | . . . . . . . . . . . . . . . . Stealth | -11 -10 -10 -9 -9 -9 -8 -8 -7 -6 -6 -6 -6 -6 -5 -4 --------- Run | Yrd Mat Min Mat Min Exi Min Mat Fac Fac Was Fac Low Low Fac Fac Distress Signals 11 | . 1 . 3 . . . 4 1 . . . . . 1 1 Communications Jammed . | . . . . . . . . . . . . . . . . Distress Signals . | . . . . . . . . . . . . . . . . Times Spotted 234 | . 24 2 56 15 . 9 50 7 1 5 10 15 3 23 14 Peak Tracking Total 11 | . 4 2 8 3 . 3 6 3 1 5 2 11 3 8 5 Tactical Retreats 26 | . . . 10 . . 1 4 2 . . 1 3 . 4 1 Traps | -11 -10 -10 -9 -9 -9 -8 -8 -7 -6 -6 -6 -6 -6 -5 -4 ------- Run | Yrd Mat Min Mat Min Exi Min Mat Fac Fac Was Fac Low Low Fac Fac Traps Triggered 10 | . 2 . 1 . . . . 2 1 . 1 . . 1 2 Indirectly . | . . . . . . . . . . . . . . . . Trap Hack Attempts . | . . . . . . . . . . . . . . . . Triggered . | . . . . . . . . . . . . . . . . Disarmed . | . . . . . . . . . . . . . . . . Reprogrammed . | . . . . . . . . . . . . . . . . Reused . | . . . . . . . . . . . . . . . . Traps Extracted . | . . . . . . . . . . . . . . . . Installed . | . . . . . . . . . . . . . . . . Triggered . | . . . . . . . . . . . . . . . . Machines | -11 -10 -10 -9 -9 -9 -8 -8 -7 -6 -6 -6 -6 -6 -5 -4 ---------- Run | Yrd Mat Min Mat Min Exi Min Mat Fac Fac Was Fac Low Low Fac Fac Machines Disabled 8 | . . . 1 1 . . 2 . . . 1 . . 1 2 Max in Single Turn 2 | . . . 1 1 . . 2 . . . 1 . . 1 1 Garrison Access 8 | . . . . . . . 1 3 1 . 1 . . 1 1 Machines Repaired . | . . . . . . . . . . . . . . . . Machines Dismantled . | . . . . . . . . . . . . . . . . Machines Sabotaged . | . . . . . . . . . . . . . . . . Overloaded Fab Kills . | . . . . . . . . . . . . . . . . Hacking | -11 -10 -10 -9 -9 -9 -8 -8 -7 -6 -6 -6 -6 -6 -5 -4 --------- Run | Yrd Mat Min Mat Min Exi Min Mat Fac Fac Was Fac Low Low Fac Fac Machines Accessed 74 | . 9 . 13 1 2 . 12 12 5 . 9 . . 6 5 Terminals 42 | . 7 . 9 1 . . 8 6 1 . 4 . . 3 3 Fabricators 7 | . . . . . . . . 1 1 . 2 . . 2 1 Repair Stations 4 | . 1 . 1 . . . 1 . 1 . . . . . . Recycling Units 8 | . 1 . 2 . . . 2 1 1 . 1 . . . . Scanalyzers 2 | . . . 1 . . . . 1 . . . . . . . Garrison Access 9 | . . . . . . . 1 3 1 . 2 . . 1 1 Total Hacks 196 | . 31 . 38 2 5 . 36 24 13 . 20 . . 19 8 Successful 92 | . 13 . 20 1 5 . 9 14 6 . 12 . . 11 1 Failed 103 | . 18 . 18 1 . . 26 10 7 . 8 . . 8 7 Catastrophic 19 | . 2 . 6 . . . 4 3 . . 1 . . 1 2 Database Lockouts 1 | . . . . . . . 1 . . . . . . . . Manual 120 | . 24 . 24 2 1 . 29 10 5 . 12 . . 11 2 Terminals 121 | . 26 . 24 2 . . 28 12 3 . 10 . . 12 4 Fabricators 17 | . . . . . . . . 2 3 . 5 . . 5 2 Repair Stations 9 | . 2 . 2 . . . 2 . 3 . . . . . . Recycling Units 17 | . 3 . 4 . . . 4 3 1 . 2 . . . . Scanalyzers 10 | . . . 8 . . . . 2 . . . . . . . Garrison Access 17 | . . . . . . . 2 5 3 . 3 . . 2 2 Terminal Hacks 46 | . 11 . 8 1 5 . 4 5 1 . 6 . . 5 . Record 4 | . . . . . 4 . . . . . . . . . . Part Schematic 2 | . . . . . . . 1 . . . 1 . . . . Robot Analysis 5 | . 2 . 1 . . . . . . . 1 . . 1 . Prototype ID Bank 1 | . 1 . . . . . . . . . . . . . . Open DSF 2 | . . . . . . . . 1 . . 1 . . . . Branch Access Points 3 | . . . . . . . . . 1 . 1 . . 1 . Terminal Index 4 | . 1 . 1 . . . . 1 . . . . . 1 . Fabricator Index 1 | . . . . . . . . . . . . . . 1 . Recycling Unit Index 1 | . . . . . . . . 1 . . . . . . . Alert Level 3 | . . . 2 . . . 1 . . . . . . . . Unreport Threat 10 | . 2 . 2 1 . . 2 . . . 2 . . 1 . Locate Traps 3 | . 2 . . . . . . 1 . . . . . . . Hauler Manifests 4 | . 2 . 1 . . . . 1 . . . . . . . Zone Layout 2 | . 1 . 1 . . . . . . . . . . . . Derelict Proto ID Bank 1 | . . . . . 1 . . . . . . . . . . Fabricator Hacks 12 | . . . . . . . . 2 1 . 4 . . 5 . Load Schematic 7 | . . . . . . . . 1 1 . 2 . . 3 . Build 5 | . . . . . . . . 1 . . 2 . . 2 . Repair Station Hacks 8 | . 2 . 2 . . . 2 . 2 . . . . . . Scan Component 4 | . 1 . 1 . . . 1 . 1 . . . . . . Repair 4 | . 1 . 1 . . . 1 . 1 . . . . . . Recycling Unit Hacks 1 | . . . . . . . . 1 . . . . . . . Report Inventory 1 | . . . . . . . . 1 . . . . . . . Scanalyzer 10 | . . . 8 . . . . 2 . . . . . . . Insert Component 5 | . . . 4 . . . . 1 . . . . . . . Analyze 5 | . . . 4 . . . . 1 . . . . . . . Garrison Access Hacks 7 | . . . . . . . 1 2 1 . 1 . . 1 1 Seal Access 7 | . . . . . . . 1 2 1 . 1 . . 1 1 Unauthorized Hacks 8 | . . . 2 . . . 2 2 1 . 1 . . . . Terminals . | . . . . . . . . . . . . . . . . Fabricators . | . . . . . . . . . . . . . . . . Repair Stations . | . . . . . . . . . . . . . . . . Recycling Units 7 | . . . 2 . . . 2 1 1 . 1 . . . . Mask 7 | . . . 2 . . . 2 1 1 . 1 . . . . Scanalyzers . | . . . . . . . . . . . . . . . . Garrison Access 1 | . . . . . . . . 1 . . . . . . . Jam 1 | . . . . . . . . 1 . . . . . . . Data Cores Recovered 2 | . . . . . . . . . 1 . 1 . . . . Used . | . . . . . . . . . . . . . . . . Hacking Detections 59 | . 8 . 11 1 . . 9 9 4 . 7 . . 5 5 Full Trace Events 10 | . . . 1 . . . 1 2 1 . 3 . . 2 . Feedback Events . | . . . . . . . . . . . . . . . . Feedback Blocked . | . . . . . . . . . . . . . . . . Robot Schematics Acquired . | . . . . . . . . . . . . . . . . Robots Built . | . . . . . . . . . . . . . . . . Authchips . | . . . . . . . . . . . . . . . . Time . | . . . . . . . . . . . . . . . . Total Robot Build Rating . | . . . . . . . . . . . . . . . . Part Schematics Acquired 7 | . . . 4 . . . 1 1 . . 1 . . . . Parts Built 5 | . . . . . . . . 1 . . 2 . . 2 . Authchips . | . . . . . . . . . . . . . . . . Time 304 | . . . . . . . . 36 . . 134 . . 134 . Total Part Build Rating 19 | . . . . . . . . 3 . . 8 . . 8 . Parts Repaired 4 | . 1 . 1 . . . 1 . 1 . . . . . . Time 121 | . 26 . 38 . . . 38 . 19 . . . . . . Parts Recycled . | . . . . . . . . . . . . . . . . Recycled Matter . | . . . . . . . . . . . . . . . . Retrieved Matter . | . . . . . . . . . . . . . . . . Retrieved Components . | . . . . . . . . . . . . . . . . Parts Scanalyzed 5 | . . . 4 . . . . 1 . . . . . . . Part Schematics Acquired 5 | . . . 4 . . . . 1 . . . . . . . Parts Damaged . | . . . . . . . . . . . . . . . . Bothacking | -11 -10 -10 -9 -9 -9 -8 -8 -7 -6 -6 -6 -6 -6 -5 -4 ------------ Run | Yrd Mat Min Mat Min Exi Min Mat Fac Fac Was Fac Low Low Fac Fac Used RIF Installer . | . . . . . . . . . . . . . . . . Robots Hacked . | . . . . . . . . . . . . . . . . Non-combat . | . . . . . . . . . . . . . . . . Combat . | . . . . . . . . . . . . . . . . Robot Hacks Applied . | . . . . . . . . . . . . . . . . Relay Couplers Released 2 | . . . . . . . . . . . . . . . 2 Machine Destruction 2 | . . . . . . . . . . . . . . . 2 Fabnet Peak Effective % . | . . . . . . . . . . . . . . . . Robots Rewired . | . . . . . . . . . . . . . . . . Allies Hacked . | . . . . . . . . . . . . . . . . Hacks Repelled . | . . . . . . . . . . . . . . . . Allies | -11 -10 -10 -9 -9 -9 -8 -8 -7 -6 -6 -6 -6 -6 -5 -4 -------- Run | Yrd Mat Min Mat Min Exi Min Mat Fac Fac Was Fac Low Low Fac Fac Total Allies 4 | . . . . 3 . . . . . 1 . . . . . Largest Group 3 | . . . . 3 3 3 . . . 1 . . . . . Highest-Rated Group 40 | . . . . 40 40 40 . . . 31 . . . . . Highest-Rated Ally 31 | . . . . 16 16 16 . . . 31 . . . . . Total Orders . | . . . . . . . . . . . . . . . . Ally Attacks 23 | . . . . . . 19 . . . 4 . . . . . Total Damage 315 | . . . . . . 230 . . . 85 . . . . . Kills 1 | . . . . . . 1 . . . . . . . . . Allies Corrupted . | . . . . . . . . . . . . . . . . Allies Melted . | . . . . . . . . . . . . . . . . Intel | -11 -10 -10 -9 -9 -9 -8 -8 -7 -6 -6 -6 -6 -6 -5 -4 ------- Run | Yrd Mat Min Mat Min Exi Min Mat Fac Fac Was Fac Low Low Fac Fac Robot Analysis Total 5 | . 2 . 1 . . . . . . . 1 . . 1 . Derelict Logs Recovered 7 | . . 2 . 1 . . . . . . . 1 3 . . Drone Launches . | . . . . . . . . . . . . . . . . Drone Recoveries . | . . . . . . . . . . . . . . . . Exploration | -11 -10 -10 -9 -9 -9 -8 -8 -7 -6 -6 -6 -6 -6 -5 -4 ------------- Run | Yrd Mat Min Mat Min Exi Min Mat Fac Fac Was Fac Low Low Fac Fac Turns Passed 18775 | 98 3085 180 3109 961 762 1180 4526 847 289 42 1072 577 287 783 977 Spaces Moved 13903 | 54 1620 102 1636 516 473 624 2267 1552 555 93 1811 820 367 748 665 Core 158 | 2 . . . . . . . . . . . . . 11 145 Treads 7322 | 52 1620 102 1636 516 473 624 2267 . . . . . . . 32 Legs 488 | . . . . . . . . . . . . . . . 488 Wheels . | . . . . . . . . . . . . . . . . Hover 5935 | . . . . . . . . 1552 555 93 1811 820 367 737 . Flight . | . . . . . . . . . . . . . . . . Fastest Speed 30 | 50 160 160 160 160 160 160 158 44 44 44 42 30 40 38 50 Average Speed 112 | 155 160 160 161 161 160 165 160 44 44 44 44 58 69 83 121 Slowest Speed 250 | 160 160 160 240 240 160 240 162 104 108 44 104 103 166 226 250 Overloaded Moves 37 | . . . . . . . . . . . . 14 . 23 . Propulsion Burnouts . | . . . . . . . . . . . . . . . . Robots Hopped . | . . . . . . . . . . . . . . . . Cave-ins Triggered 1 | . . . . . . . . . . . . . . 1 . Exploration Rate (%) 55 | 5 86 29 94 85 77 94 86 28 16 84 32 82 51 19 22 Regions Visited 15 Branch Regions 6 Pre-discovered Areas 2 | . . . . 1 1 . . . . . . . . . . Known Exits Taken 4 | . . . . . . . . 1 . . 1 1 . 1 . Unknown Exits Taken 9 | 1 1 1 1 1 1 1 1 . . . . . 1 . . Scrap Searched 6 | . . 1 . 1 . 1 . . . . . 2 1 . . Spaces Dug 112 | . . . . . . 2 44 27 5 . 24 . 1 8 1 Terrain Destroyed 440 | . . . 50 16 . 71 115 27 5 . 24 55 38 11 28 Melee 110 | . . . . . . 2 44 27 5 . 24 . . 8 . Projectile 43 | . . . . . . 4 5 . . . . 5 2 3 24 AOE 287 | . . . 50 16 . 65 66 . . . . 50 36 . 4 Terrain Rammed . | . . . . . . . . . . . . . . . . Walls Destroyed . | . . . . . . . . . . . . . . . . Machines Disabled . | . . . . . . . . . . . . . . . . Actions | -11 -10 -10 -9 -9 -9 -8 -8 -7 -6 -6 -6 -6 -6 -5 -4 --------- Run | Yrd Mat Min Mat Min Exi Min Mat Fac Fac Was Fac Low Low Fac Fac Total 16123 | 64 1998 110 1968 583 479 733 2946 1671 590 93 2004 893 382 851 758 Wait 1259 | . 281 1 160 34 . 66 439 31 16 . 117 56 . 43 15 Move 13889 | 53 1619 101 1635 515 472 623 2266 1551 555 92 1810 819 366 747 665 Hop . | . . . . . . . . . . . . . . . . Pick Up 110 | 4 17 . 25 2 1 6 27 10 3 . 7 2 . 1 5 Fast Attach 84 | 6 3 1 15 1 2 2 17 7 3 . 4 . 2 6 15 Attach 66 | . 3 . 5 2 . 6 13 9 2 . 4 3 4 11 4 Detach 15 | . 1 . 2 . . . 1 . 1 . 2 . 2 4 2 Swap 75 | . 5 2 21 . . 2 25 5 . 1 7 5 . 2 . Drop 128 | . 5 1 31 . 4 8 41 22 3 . 8 2 1 . 2 Fire 324 | . 55 4 72 29 . 17 64 1 1 . 12 5 7 22 35 Melee 137 | . . . . . . 2 53 29 6 . 33 1 . 13 . Ram 2 | . . . . . . . . . . . . . . 2 . Kick . | . . . . . . . . . . . . . . . . Crush 13 | 1 9 . 2 . . 1 . . . . . . . . . Escape Stasis 21 | . . . . . . . . 6 . . . . . . 15 Rewire . | . . . . . . . . . . . . . . . . Trap . | . . . . . . . . . . . . . . . . Miscellaneous . | . . . . . . . . . . . . . . . . Route ------- -11/Scrapyard -10/Materials (discovered 4 exits: *Mat x2 / [*Min] / [*Sub]) -10/Mines -9/Materials (discovered 6 exits: *Mat x3 / *Min / *Sto x2) -9/Mines (discovered 3 exits: *Mat x2 / *Exi) -9/Exiles (discovered 2 exits: [*Min x2]) -8/Mines -8/Materials -7/Factory (discovered 2 exits: *Fac x2) -6/Factory (discovered 4 exits: *Low x2 / Ext x2) -6/Waste -6/Factory (discovered 6 exits: *Fac x2 / *Low x2 / Ext x2) -6/Lower Caves -6/Lower Caves -5/Factory (discovered 4 exits: *Fac x2 / Upp x2) -4/Factory History --------- Turn | Location | Event 17 | -11/Scrapyard | Discovered new exit (range 13) 99 | -11/Scrapyard | Entered Materials 216 | -10/Materials | Discovered new exit (range 16) 307 | -10/Materials | Build established: Mutant 361 | -10/Materials | Discovered new exit (range 3) 567 | -10/Materials | Repaired Heat Sink 945 | -10/Materials | Core integrity fell below 50% 997 | -10/Materials | Lost 3 parts (1p1u1w) 1064 | -10/Materials | Discovered new exit (range 8) 2380 | -10/Materials | Discovered new exit (range 15) 3184 | -10/Materials | Entered Mines 3203 | -10/Mines | Core integrity fell below 20% 3233 | -10/Mines | Learned location of 1 exit from Materials 3308 | -10/Mines | Found a hidden stash of uninstalled traps 3356 | -10/Mines | Learned Materials emergency access door positions 3358 | -10/Mines | Discovered new exit (range 3) 3364 | -10/Mines | Entered Materials 3364 | -9/Materials | Evolved 2 slots: Propulsion x1, Utility x1 3365 | -9/Materials | Identified exit to Storage 3672 | -9/Materials | Build established: Scavenger-Mutant 3847 | -9/Materials | Discovered new exit (range 15) 4560 | -9/Materials | Discovered new exit (range 5) 4611 | -9/Materials | Destroyed 7 combat bots 5217 | -9/Materials | Discovered new exit (range 8) 5296 | -9/Materials | Discovered exit to Storage (range 15) 5720 | -9/Materials | Discovered new exit (range 13) 6413 | -9/Materials | Repaired Hpw. Shotgun 6473 | -9/Materials | Entered Mines 6489 | -9/Mines | Met a Derelict bent on vengeance 6501 | -9/Mines | Discovered new exit (range 8) 6527 | -9/Mines | Learned location of Storage (-9) 6528 | -9/Mines | Discovered new exit (range 12) 6932 | -9/Mines | Assembled infested the area 7197 | -9/Mines | Learned Materials terminal intel 7397 | -9/Mines | Assisted by bots powering up and referring to "LRC-V3" 7426 | -9/Mines | Deemed a non-threat by the Exiles lab entrance 7426 | -9/Mines | Discovered new exit (range 5) 7434 | -9/Mines | Entered Exiles 7434 | -9/Exiles | Accompanied by 3 allies 7463 | -9/Exiles | Discovered new exit (range 14) 7511 | -9/Exiles | Met 8R-AWN 7535 | -9/Exiles | Met EX-HEX 7591 | -9/Exiles | Met EX-BIN 7610 | -9/Exiles | Aligned with FarCom system 7611 | -9/Exiles | Given EX-Vault access code 7664 | -9/Exiles | Opened EX-Vault 7677 | -9/Exiles | Found YOLO Cannon 7709 | -9/Exiles | Warned to stay clear of 0b10 Research branches 7757 | -9/Exiles | Met EX-DEC 7806 | -9/Exiles | Visited The Gauntlet 7890 | -9/Exiles | Learned location of Zion (-6) 8002 | -9/Exiles | Discovered new exit (range 14) 8196 | -9/Exiles | Left Exiles lab with YOLO Cannon 8196 | -9/Exiles | Entered Mines 8196 | -8/Mines | Accompanied by 3 allies 8886 | -8/Mines | Lost 3 allies 9367 | -8/Mines | Discovered new exit (range 6) 9376 | -8/Mines | Entered Materials 9376 | -8/Materials | Evolved 2 slots: Propulsion x1, Utility x1 9377 | -8/Materials | Loaded intel: 12 terminal locations 13228 | -8/Materials | Repaired Hpw. Shotgun? 13859 | -8/Materials | Discovered new exit (range 16) 13875 | -8/Materials | Central database locked down 13902 | -8/Materials | Entered Factory 13902 | -7/Factory | Evolved 2 slots: Propulsion x1, Utility x1 14038 | -7/Factory | Identified exit to DSF 14099 | -7/Factory | Fabricated Hacking Suite? 14313 | -7/Factory | Discovered new exit (range 5) 14444 | -7/Factory | Discovered new exit (range 15) 14521 | -7/Factory | Build established: Hacker-Mutant 14637 | -7/Factory | Identified exit to Factory 14749 | -7/Factory | Entered another Factory area 14749 | -6/Factory | Evolved 2 slots: Utility x1, Weapon x1 14823 | -6/Factory | Identified exit to Lower Caves 14823 | -6/Factory | Identified exit to Extension 14980 | -6/Factory | Repaired Katana 15038 | -6/Factory | Sucked down chute 15038 | -6/Factory | Entered Waste 15039 | -6/Waste | Met a frightened Derelict 15049 | -6/Waste | Spotted C-40 Crusher 15053 | -6/Waste | EMP discharged 15057 | -6/Waste | Spotted C-40 Crusher 15057 | -6/Waste | Spotted C-40 Crusher 15062 | -6/Waste | Spotted C-40 Crusher 15063 | -6/Waste | Spotted C-40 Crusher 15069 | -6/Waste | Spotted C-40 Crusher 15076 | -6/Waste | Discovered new exit (range 10) 15080 | -6/Waste | Entered Factory 15352 | -6/Factory | Discovered new exit (range 5) 15476 | -6/Factory | Discovered new exit (range 6) 15491 | -6/Factory | Fabricated Cld. Airjet? 15808 | -6/Factory | Fabricated Cld. Airjet? 16152 | -6/Factory | Entered Lower Caves 16153 | -6/Lower Caves | Encountered a Warlord checkpoint 16237 | -6/Lower Caves | Spotted B-75 Beast 16243 | -6/Lower Caves | Attracted the attention of an 0b10 checkpoint 16344 | -6/Lower Caves | Identified exit to Lower Caves 16652 | -6/Lower Caves | Build established: Hacker-Gunner 16729 | -6/Lower Caves | Entered another Lower Caves area 16753 | -6/Lower Caves | Discovered new exit (range 16) 16804 | -6/Lower Caves | Learned location of 1 exit from Factory 16865 | -6/Lower Caves | Core integrity fell below 50% 16895 | -6/Lower Caves | Lost 6 parts (3n1u2w) 16896 | -6/Lower Caves | Learned Factory garrison access intel 16985 | -6/Lower Caves | Build established: Hacker-Mutant 17016 | -6/Lower Caves | Entered Factory 17016 | -5/Factory | Evolved 2 slots: Propulsion x1, Utility x1 17017 | -5/Factory | Identified exit to Factory 17018 | -5/Factory | Loaded intel: 4 garrison access locations 17177 | -5/Factory | Fabricated Cld. Airjet (x1) 17220 | -5/Factory | Fabricated Cld. Airjet? 17435 | -5/Factory | Discovered exit to Factory (range 16) 17564 | -5/Factory | Crushed by falling debris 17595 | -5/Factory | Lost 3 parts (3u) 17704 | -5/Factory | Spotted B-75 Beast 17707 | -5/Factory | Identified exit to Upper Caves 17768 | -5/Factory | Core integrity fell below 50% 17768 | -5/Factory | Destroyed B-75 Beast 17791 | -5/Factory | Core integrity fell below 20% 17792 | -5/Factory | Released all parts (3) 17799 | -5/Factory | Entered another Factory area 17799 | -4/Factory | Evolved 2 slots: Weapon x2 17821 | -4/Factory | Lost 11 parts (1p2n3u5w) 18068 | -4/Factory | Build established: Mutant 18407 | -4/Factory | Build established: Tank 18429 | -4/Factory | Spotted B-86 Titan 18776 | -4/Factory | Self-destructed Last Messages --------------- disabled. 18769_ Slug penetrates R-10 Processor. 18769_ U-05 Engineer destroyed. 18769_ Slug penetrates Wall. 18770_ R-10 Processor collects Wheel. 18770_ Slug penetrates H-77 Assassin. 18770_ U-05 Engineer suffers critical hit (Blast). 18770_ Destroyed Terrain Scan Processor. 18771_ ALERT: Construction progress impeded, dispatching reinforcements to local area. 18771_ Penetrated by Slug. 18771_ Imp. Light Armor Plating destroyed. 18773_ U-05 Engineer builds a Wall. 18773_ R-10 Processor collects Wheel. 18773_ Slug penetrates U-05 Engineer. 18773_ Slug penetrates Wall. 18774_ ALERT: Rogue bot located, Programmers report to Factory Zone 5Z. 18775_ System corrupted: Matter fused (-6). Map ----- +----------------------------------------------------+ | ?????############ # #??# ??? | | ????????????????# # #??# ##### | | ????????????????# ####+############# # ! | | ????????????????# # # #"" | | ????????????????# # # #"" | | ??????????????? # # #""" | | ?????????????? # + #""" | | ????????????? # # #""" | | ???????????? # """ """ # # | | ??????????? # """ """ # ###+# | | ???????????##+######### """ """ # | | ??????????????????????########### | | ????????????????????????????????# | | ????????????????????????????????# | | ????????????????????????????##??# | | ???????????????????????????? ##?# ####+#### | | ?????????????????????????###;#### ## ! # | | ?????????????????????????# u ## # | | ?????????????????????????# % ## # | | ?????????????????????????# u % ## # | | ?????????????????????????# k ######### | | ?????????????????????????# %% | | ????????????????????????## h ################### | | ?????????????# ########### h # #?????? | | ???????????# u % *Ru u# ] ""#?????? | | ???????????# *@ !! u ""#?????? | | ???????????# #u""" """ T"#?????? | | ???????????# % # """ """ ""#?????? | | ???????????+ # """ """ "#?????? | | ???????????# ######### # #?????? | | ???????????? ?????????# #####+############# | | ???????????? ???????????# | | ?????????????????????????# | | ?????????????????????????# w | | ?????????????????????????# | | ?????????????????????????# | | ??????????????????###########+######+########## | | ??????????????????# # #????# | | ??????????????????# # ! #????# | | ??????????????????# #= #????# | | ??????????????????# # #????# | | ??????????????????# # """ """ #????# | | ??????????????????# # """ """ #????# | | ??????????????????# # """ """ #????# | | ??????????????????# # #????# | | ??????????????????# ###########????# | | ??????????????????# #??????????????# | | ??????????????????# #??????????????? | | ??????????????????# #??????????????? | | ??????????????????#######/##+###?????????????????? | +----------------------------------------------------+ Best States ------------- Heat Dissipation 45 Energy Generation 21 Energy Capacity 290 Matter Stores 300 Matter Capacity 300 Sight Range 16 Robot Scan Range 14 Terrain Scan Density 10 ECM Strength 1 Armor Coverage 450 Resistance: KI 30 Resistance: TH 30 Core Shielding 20 Propulsion Shielding 33 Weapon Shielding 66 Evasion (%) 57 Melee Accuracy 8 Core Analysis 6 Recoil Reduction 12 Salvage Targeting 2 Offensive Hacking 32 Defensive Hacking 10 Item Schematics ----------------- Signal Interpreter | -9/Materials | Scanalyzed Lgt. Treads | -9/Materials | Scanalyzed Com. Wheel | -9/Materials | Scanalyzed Lgt. Cannon | -9/Materials | Scanalyzed Hacking Suite | -8/Materials | Hacked Imp. Hover Unit | -7/Factory | Scanalyzed Cld. Airjet | -6/Factory | Hacked Robot Schematics ------------------ None Fabricated ------------ Hacking Suite | x1 | -7/Factory Cld. Airjet | x1 | -6/Factory Cld. Airjet | x1 | -6/Factory Cld. Airjet | x1 | -5/Factory Cld. Airjet | x1 | -5/Factory Alien Tech Used ----------------- None Achievements -------------- None Challenges ------------ None Game ------ Seed PointyPhaseSaw Manual? 0 Play Time 02:36:18 Cumulative 25.1 hours Start 2024.05.10 @ 17:27:23 End 2024.05.12 @ 14:43:46 Sessions 9 Manual Loads 0 Difficulty Rogue Special Mode None Game No. 16 Rogue 15 Adventurer 1 Explorer 0 Win Type - Total 1 Types 1/0/0/0/0/0/0/0/0 Lore% 20 Gallery% 30 Achievement% 23 Wizard Run 0 Options --------- Layout 1 ASCII 0 Keyboard 0 Movement Mouse Keybinds 0 Fullscreen 1 Font 36/Terminus++ Map View 50x40 Zoom Use 0% Tactical HUD 1 Map Filters NONE Filters NONE Steam 0 RUN: 2c5a2dcd-bfaa-4aa6-9946-43b23700ed9e